 Dungeon Crawl Stone Soup version 0.30-a0-778-g2ef04afb54 (webtiles) character file.

Game seed: 17594288898570467687

92 Smoke131 the Chucker (level 4, 0/45 HPs)
             Began as an Ogre Gladiator on Feb 15, 2023.
             Slain by Sigmund
             ... wielding a +0 scythe
              (9 damage)
             ... on level 2 of the Dungeon.
             The game lasted 00:02:37 (1587 turns).

Smoke131 the Chucker (Ogre Gladiator)               Turns: 1587, Time: 00:02:38

Health: 0/45       AC:  3    Str: 18    XL:     4   Next: 60%
Magic:  4/4        EV: 10    Int:  9    God:
Gold:   89         SH:  0    Dex: 12    Spells: 3/3 levels left

rFire   + . .      SeeInvis .    a - +0 war axe
rCold   + . .      Faith    .    (no shield)
rNeg    . . .      Spirit   .    b - +0 robe
rPois   .          Reflect  .    c - +0 hat
rElec   .          Harm     .    m - scarf {rC+ rF+}
rCorr   .          Rampage  .    (gloves unavailable)
Will    .....                    (boots unavailable)
Stlth   +                        (no amulet)
HPRegen 0.27/turn                (no ring)
MPRegen 0.09/turn                (no ring)

@: no status effects
A: large, unfitting armour, tough skin 1
a: no special abilities


You were on level 2 of the Dungeon.
You visited 1 branch of the dungeon, and saw 2 of its levels.

You collected 89 gold pieces.

Inventory:

Hand Weapons
 a - a +0 war axe (weapon)
Missiles
 d - 4 throwing nets
 e - a large rock
 h - 16 stones
 i - 3 poisoned darts (quivered)
Armour
 b - a +0 robe (worn)
 c - a +0 hat (worn)
 m - a scarf of resistance (worn)
Jewellery
 g - a ring of ice
Scrolls
 j - a scroll of enchant weapon {unknown}
 k - 2 scrolls of teleportation {unknown}
 l - 2 scrolls of identify {unknown}
 o - a scroll of fear {unknown}
 p - a scroll of noise {unknown}
Potions
 f - 2 potions of flight {unknown}
 n - a potion of degeneration {unknown}


   Skills:
 - Level 3.0 Fighting
 - Level 3.0 Axes
 + Level 4.3 Throwing
 - Level 3.0 Dodging


You had 3 spell levels left.
You didn't know any spells.
Your spell library was empty.

Dungeon Overview and Level Annotations

Branches:
Dungeon (2/15)

Altars:

Annotations:
D:2 1 runed translucent door, Crazy Yiuf, Sigmund


Innate Abilities, Weirdness & Mutations

You are too large for most types of armour.
You have tough skin. (AC +1)


Message History

Sigmund flickers and vanishes!
Deactivating autopickup; reactivate with Ctrl-A.
You feel sick. The adder attacks as you move away!
The adder bites you but does no damage.
You feel sick.
You feel sick. The adder bites you.
You feel sick.
You are no longer poisoned.
The adder bites you.
Throw: 6 darts (poison)
Press: ? - help, Q - select action, (/) - cycle Shift-Dir - straight line, f - adder
Aim: an adder (42% to hit)
You throw a poisoned dart. The poisoned dart misses the adder.
The adder closely misses you.
Throw: 5 darts (poison)
Press: ? - help, Q - select action, (/) - cycle Shift-Dir - straight line, f/p - adder
Aim: an adder (42% to hit)
You throw a poisoned dart. The poisoned dart hits the adder!
The adder is poisoned.
The adder closely misses you. Something hits you.
Throw: 4 darts (poison)
Press: ? - help, Q - select action, (/) - cycle Shift-Dir - straight line, f/p - adder
Aim: an adder (very poisoned, 42% to hit)
You throw a poisoned dart. The poisoned dart hits the adder.
The adder looks even sicker.
The adder bites you but does no damage.
You barely miss the adder.
The adder is lightly wounded.
The adder bites you. Something hits you! The adder misses you.
You closely miss the adder.
The adder is heavily wounded.
The adder closely misses you. Something hits you. The adder barely misses you.
You closely miss the adder.
The adder is heavily wounded.
The adder barely misses you. Something hits you!
* * * LOW HITPOINT WARNING * * *
You hit the adder but do no damage.
The adder is severely wounded.
The adder barely misses you. Something hits you!
You die...

..# ##....+ ###
##..#### #..##
#.#.# ###.# #.# +#
#.# .# #.########
.#
#.@S....(##{######
########.#........
#......# #.#...##
#......# #####.##
##


You could see an adder (very poisoned).

Vanquished Creatures
  Terence (D:2)
  4 adders
  4 bats
  2 endoplasms
  3 giant cockroaches
  3 goblins (D:1)
  2 hobgoblins (D:1)
  3 jackals (D:1)
  3 kobolds
  2 ball pythons (D:1)
  2 rats (D:1)
29 creatures vanquished.

Notes
Turn   | Place    | Note
-------+----------+-------------------------------------------
     0 | D:1      | Smoke131 the Ogre Gladiator began the quest for the Orb.
     0 | D:1      | Reached XP level 1. HP: 22/22 MP: 1/1
   118 | D:1      | Found a faded altar of an unknown god.
   273 | D:1      | Reached XP level 2. HP: 31/31 MP: 2/2
   874 | D:1      | Reached skill level 3 in Throwing
   874 | D:1      | Reached XP level 3. HP: 21/37 MP: 3/3
  1117 | D:2      | Found a runed translucent door.
  1118 | D:2      | Noticed Crazy Yiuf
  1231 | D:2      | Noticed Terence
  1240 | D:2      | Killed Terence
  1241 | D:2      | Reached skill level 4 in Throwing
  1241 | D:2      | Reached XP level 4. HP: 42/45 MP: 4/4
  1571 | D:2      | Noticed Sigmund
  1587 | D:2      | Slain by Sigmund

Illustrated notes

Levels and vault maps discovered:
D:1:      sevenhm_arrival_forest_fort_large_3, layout_basic,
          ebering_ecumenical_altar_abandoned, roderic_serpentine_path
D:2:      minmay_razor_zed, layout_loops_corners, grunt_ministairs_12,
          serial_park_tiny_1, uniq_sigmund, uniq_crazy_yiuf_cottage,
          uniq_terence

Skill      XL: |  1  2  3 |
---------------+----------+-----
Fighting       | 3 |  3.0
Dodging        | 3 |  3.0
Throwing       | 3 4 |  4.3
Axes           | |  3.0

Action                     |  1- 3 |  4- 6 || total
---------------------------+-------+-------++-------
  Melee: War axe           |    76 |    22 ||    98
         Punch             |     2 |       ||     2
  Throw: Dart              |     4 |     3 ||     7
 Armour: Robe              |    32 |    10 ||    42
  Dodge: Dodged            |    50 |    22 ||    72

Table legend: (Time is in decaauts)
 A = Elapsed time spent in this place.
 B = Non-inter-level travel time spent in this place.
 C = Inter-level travel time spent in this place.
 D = Time resting spent in this place.
 E = Time spent auto-exploring this place.
 F = Levels seen in this place.
 G = Mean time per level.
                   A        B        C        D        E       F      G
               +--------+--------+--------+--------+--------+-----+--------+
         Total |   1620 |   1620 |      0 |    137 |   1127 |   2 |  810.0 |
       Dungeon |   1620 |   1620 |      0 |    137 |   1127 |   2 |  810.0 |
               +--------+--------+--------+--------+--------+-----+--------+

Top non-repeatable levels by time:
     D:1: 953 daAuts
     D:2: 666 daAuts
